Capitals vs Devils

Created - 13 octobre 2017 at 15:55

Goals
1 2 3 T
Capitals 0 2 0 2
Devils 1 0 0 1
Shots
1 2 3 T
Capitals 18 14 6 38
Devils 9 6 9 24

1st period

1. Devils , Brandon Sutter 2 (Phillip Danault 1, Micki Dupont 1) at 18:29

Penalties :
Rostislav Klesla (NJD) for High sticking (Minor) at 11:59, Ryan Whitney (WSH) for Hooking (Minor) at 14:16, Adam Berti (NJD) for Hooking (Minor) at 15:45

2nd period

2. Capitals , Nathan Horton 3 (Kristian Huselius 3, Brandon Saad 3) at 3:08
3. Capitals , Kenndal McArdle 5 (Ryan Whitney 4) at 8:26

Penalties :
Dustin Penner (NJD) for Slashing (Minor) at 8:49, Ryan O'Byrne (NJD) for Hooking (Minor) at 10:22, Micki Dupont (NJD) for Hooking (Minor) at 15:32

3rd period

No Goal

Penalties :
Peter Holland (NJD) for Tripping (Minor) at 10:25, Hampus Lindholm (WSH) for Tripping (Minor) at 14:23, Dustin Penner (NJD) for Interference (Minor) at 14:28

Goalie Stats

Kari Lehtonen (WSH), 23 saves from 24 shots - (0,958), W, 5-0-0, 60:00 minutes
Antti Niemi (NJD), 36 saves from 38 shots - (0,947), L, 2-2-0, 59:42 minutes

Players Stats for Capitals

Player Name              G  A  P  +/- PIM S  H  SB GA TA FO     MP     PP MP  PK MP  
------------------------------------------------------------------------------------
Alec Martinez            0  0  0   1  0   0  0  0  0  0  0/0    15:37   0:00   0:43 
Andrew Ladd              0  0  0   1  0   1  0  0  0  0  0/0    10:47   0:00   0:00 
Bobby Ryan               0  0  0   0  0   6  5  0  0  0  0/1    18:50   5:15   0:00 
Brandon Saad             0  1  1   1  0   3  0  0  0  0  1/1    18:50   5:48   0:00 
Cam Atkinson             0  0  0   0  0   1  0  0  0  0  0/0    13:35   0:00   0:00 
Christian Ehrhoff        0  0  0   0  0   2  1  0  0  0  0/0    23:15   5:53   0:46 
Hampus Lindholm          0  0  0   0  2   1  2  1  0  0  0/0    21:35   5:10   0:00 
Jonas Brodin             0  0  0   0  0   1  0  1  0  0  0/0    17:33   0:00   0:46 
Kenndal McArdle          1  0  1   1  0   4  0  0  0  0  0/0    17:02   5:10   0:00 
Kristian Huselius        0  1  1   1  0   5  0  0  0  0  1/3    20:09   5:48   0:00 
Marco Scandella          0  0  0   1  0   2  2  0  0  0  0/0    20:02   5:53   0:48 
Marcus Kruger            0  0  0  -1  0   1  1  1  0  0  0/0     8:53   0:00   1:18 
Michael Raffl            0  0  0  -1  0   0  0  0  0  0  0/0     6:54   0:00   0:16 
Mikael Backlund          0  0  0  -1  0   1  0  0  0  0  6/12    6:54   0:00   0:16 
Nathan Horton            1  0  1   1  0   2  6  0  0  0  9/25   21:06   5:48   0:00 
Ryan Whitney             0  1  1   0  2   5  3  1  0  0  0/0    21:56   5:10   0:05 
Travis Zajac             0  0  0   0  0   2  0  0  0  0  12/27  22:10   5:15   1:18 
Tyler Spurgeon           0  0  0   1  0   1  0  0  0  0  8/15   10:52   0:05   0:00 

Players Stats for Devils

Player Name              G  A  P  +/- PIM S  H  SB GA TA FO     MP     PP MP  PK MP  
------------------------------------------------------------------------------------
Adam Berti               0  0  0   0  2   0  5  0  0  0  3/5    21:17   1:16   5:55 
Antoine Vermette         0  0  0   0  0   1  0  1  0  0  11/17  12:31   0:00   6:49 
Artem Anisimov           0  0  0   0  0   2  0  0  0  0  8/15   11:27   0:00   0:00 
Artemi Panarin           0  0  0  -1  0   1  0  0  0  0  1/1    16:04   0:17   0:00 
Auston Matthews          0  0  0   0  0   3  0  0  0  0  9/25   15:44   1:17   0:00 
Brandon Sutter           1  0  1   0  0   4  0  0  0  0  0/0    12:13   0:00   0:19 
Daniel Paille            0  0  0   0  0   0  0  1  0  0  0/0     9:52   0:00   4:10 
Dustin Penner            0  0  0  -1  4   1  2  0  0  0  1/1    14:05   0:16   0:33 
Michal Rozsival          0  0  0   0  0   2  0  1  0  0  0/0    19:58   0:17   4:16 
Micki Dupont             0  1  1  -1  2   1  7  4  0  0  0/0    21:32   0:00   5:23 
Nikolai Lemtyugov        0  0  0   0  0   5  0  0  0  0  1/1    15:44   1:17   0:00 
Peter Holland            0  0  0   0  2   0  1  0  0  0  0/0     5:41   0:00   0:00 
Phillip Danault          0  1  1   0  0   1  0  0  0  0  1/1    11:27   0:00   0:00 
Rostislav Klesla         0  0  0   0  2   0  1  4  0  0  0/0    21:51   0:00   5:12 
Ryan Kesler              0  0  0  -1  0   3  2  0  0  0  12/18  19:59   0:17   3:55 
Ryan O'Byrne             0  0  0   0  2   0  4  1  0  0  0/0    18:31   1:17   3:08 
Sami Vatanen             0  0  0  -1  0   0  1  1  0  0  0/0    21:32   1:17   4:05 
Yann Sauve               0  0  0   0  0   0  1  0  0  0  0/0    16:32   0:17   0:00 

3 Stars

1 - Nathan Horton (WSH)
2 - Antti Niemi (NJD)
3 - Kari Lehtonen (WSH)

Power Play

Capitals - 0 on 7 Attempt(s) - 0,00%
Devils - 0 on 2 Attempt(s) - 0,00%

Penalty Kill

Capitals - 2 on 2 Attempt(s) - 100,00% - Score 0 goal in Penalty Kill
Devils - 7 on 7 Attempt(s) - 100,00% - Score 0 goal in Penalty Kill

Team Stat

Capitals - Hits : 20 - Faceoff Wins : 37 - Blocked Shots : 4 - Penalty Minutes : 4
Devils - Hits : 24 - Faceoff Wins : 47 - Blocked Shots : 13 - Penalty Minutes : 14

Official

Referees : Mark Lemelin and Peter Tarnaris
Linesman : Scott Driscoll and Andy McElman

Game Notes

No Game Note

Finance

Level 1 -- Attendance: 3779 (67,30%) -- Ticket Income 563 071 $
Level 2 -- Attendance: 5000 (100,00%) -- Ticket Income 335 000 $
Level 3 -- Attendance: 1825 (91,25%) -- Ticket Income 89 425 $
Level 4 -- Attendance: 2400 (60,00%) -- Ticket Income 115 200 $
Luxury Box -- Attendance: 1000 (100,00%) -- Ticket Income 350 000 $
Game was played at the Prudential Center.
Total Attendance: 14004 (79,50%)
Total Ticket Income: 1 452 696 $
Other Income: 711 821 $
Total Income: 2 164 517 $

Capitals

5 vs 5 Forward 
   Center                   Left Wing                Right Wing               Time % Phy DF OF 
 1 Nathan Horton            Brandon Saad             Kristian Huselius        30     1   1  3  
 2 Travis Zajac             Cam Atkinson             Bobby Ryan               30     0   2  3  
 3 Tyler Spurgeon           Kenndal McArdle          Andrew Ladd              24     0   2  3  
 4 Mikael Backlund          Marcus Kruger            Michael Raffl            16     1   3  1  

5 vs 5 Defense 
   Defense                  Defense                                           Time % Phy DF OF 
 1 Ryan Whitney             Jonas Brodin                                      34     1   3  1  
 2 Christian Ehrhoff        Hampus Lindholm                                   33     1   3  1  
 3 Marco Scandella          Alec Martinez                                     27     1   4  0  
 4 Marco Scandella          Alec Martinez                                     6      1   4  0  

PowerPlay Forward 
   Center                   Left Wing                Right Wing               Time % Phy DF OF 
 1 Nathan Horton            Brandon Saad             Kristian Huselius        50     0   0  5  
 2 Travis Zajac             Kenndal McArdle          Bobby Ryan               50     0   0  5  

PowerPlay Defense
   Defense                  Defense                                           Time % Phy DF OF 
 1 Ryan Whitney             Hampus Lindholm                                   50     0   0  5  
 2 Christian Ehrhoff        Marco Scandella                                   50     0   0  5  

Penalty Kill 4 Players Forward 
   Center                   Wing                     Time % Phy DF OF 
 1 Travis Zajac             Marcus Kruger            60     0   5  0  
 2 Mikael Backlund          Michael Raffl            40     0   5  0  

Penalty Kill 4 Players Defense
   Defense                  Defense                  Time % Phy DF OF 
 1 Ryan Whitney             Marco Scandella          50     0   5  0  
 2 Christian Ehrhoff        Jonas Brodin             50     0   5  0  

Penalty Kill - 3 Players Forward 
   Forward                                           Time % Phy DF OF 
 1 Marcus Kruger                                     60     0   5  0  
 2 Mikael Backlund                                   40     0   5  0  

Penalty Kill - 3 Players Defense
   Defense                  Defense                  Time % Phy DF OF 
 1 Ryan Whitney             Marco Scandella          50     0   5  0  
 2 Christian Ehrhoff        Jonas Brodin             50     0   5  0  

4 vs 4 Forward 
   Center                   Wing                     Time % Phy DF OF 
 1 Nathan Horton            Kristian Huselius        50     1   1  3  
 2 Travis Zajac             Kenndal McArdle          50     0   2  3  

4 vs 4 Defense
   Defense                  Defense                  Time % Phy DF OF 
 1 Ryan Whitney             Alec Martinez            50     0   4  1  
 2 Christian Ehrhoff        Hampus Lindholm          50     0   4  1  

Last Minutes Offensive
   Center                   Left Wing                Right Wing               Defense                  Defense                  
   Nathan Horton            Bobby Ryan               Kristian Huselius        Ryan Whitney             Jonas Brodin             

Last Minutes Defensive
   Center                   Left Wing                Right Wing               Defense                  Defense                  
   Travis Zajac             Marcus Kruger            Nathan Horton            Christian Ehrhoff        Hampus Lindholm          

Goaltenders
Starting : Kari Lehtonen            
Backup : Taylor Dakers            

Extra Forwards
Normal : Brandon Saad, Michael Raffl, Tyler Spurgeon - PP : Tyler Spurgeon, Brandon Saad - PK : Michael Raffl
Extra Defensemen
Normal : Hampus Lindholm, Jonas Brodin, Alec Martinez - PP : Alec Martinez - PK : Marco Scandella, Alec Martinez
Penalty Shots
Bobby Ryan, Ryan Whitney, Nathan Horton, Kristian Huselius, Kenndal McArdle
Custom OT Lines Forwards
Nathan Horton, Kristian Huselius, Travis Zajac, Bobby Ryan, Tyler Spurgeon, Cam Atkinson, Mikael Backlund, Kenndal McArdle, Michael Raffl, Brandon Saad
Custom OT Lines Defensemen
Christian Ehrhoff, Hampus Lindholm, Ryan Whitney, Jonas Brodin, Marco Scandella

Scratches
None

Devils

5 vs 5 Forward 
   Center                   Left Wing                Right Wing               Time % Phy DF OF 
 1 Ryan Kesler              Artemi Panarin           Dustin Penner            31     0   1  4  
 2 Auston Matthews          Adam Berti               Nikolai Lemtyugov        29     0   1  4  
 3 Artem Anisimov           Phillip Danault          Brandon Sutter           25     0   2  3  
 4 Antoine Vermette         Peter Holland            Daniel Paille            15     1   1  3  

5 vs 5 Defense 
   Defense                  Defense                                           Time % Phy DF OF 
 1 Michal Rozsival          Rostislav Klesla                                  34     0   3  2  
 2 Micki Dupont             Sami Vatanen                                      34     0   3  2  
 3 Ryan O'Byrne             Yann Sauve                                        32     0   3  2  
 4 Rostislav Klesla         Micki Dupont                                      0      1   2  2  

PowerPlay Forward 
   Center                   Left Wing                Right Wing               Time % Phy DF OF 
 1 Auston Matthews          Adam Berti               Nikolai Lemtyugov        40     0   1  4  
 2 Ryan Kesler              Artemi Panarin           Dustin Penner            60     0   0  5  

PowerPlay Defense
   Defense                  Defense                                           Time % Phy DF OF 
 1 Michal Rozsival          Yann Sauve                                        54     0   2  3  
 2 Ryan O'Byrne             Sami Vatanen                                      46     0   2  3  

Penalty Kill 4 Players Forward 
   Center                   Wing                     Time % Phy DF OF 
 1 Ryan Kesler              Daniel Paille            45     0   4  1  
 2 Antoine Vermette         Adam Berti               55     0   4  1  

Penalty Kill 4 Players Defense
   Defense                  Defense                  Time % Phy DF OF 
 1 Rostislav Klesla         Micki Dupont             60     0   5  0  
 2 Michal Rozsival          Ryan O'Byrne             40     0   5  0  

Penalty Kill - 3 Players Forward 
   Forward                                           Time % Phy DF OF 
 1 Auston Matthews                                   40     0   5  0  
 2 Ryan Kesler                                       60     0   5  0  

Penalty Kill - 3 Players Defense
   Defense                  Defense                  Time % Phy DF OF 
 1 Micki Dupont             Rostislav Klesla         60     0   5  0  
 2 Ryan O'Byrne             Michal Rozsival          40     0   5  0  

4 vs 4 Forward 
   Center                   Wing                     Time % Phy DF OF 
 1 Auston Matthews          Nikolai Lemtyugov        40     0   2  3  
 2 Ryan Kesler              Artemi Panarin           60     0   2  3  

4 vs 4 Defense
   Defense                  Defense                  Time % Phy DF OF 
 1 Yann Sauve               Rostislav Klesla         60     1   2  2  
 2 Yann Sauve               Ryan O'Byrne             40     1   2  2  

Last Minutes Offensive
   Center                   Left Wing                Right Wing               Defense                  Defense                  
   Ryan Kesler              Artemi Panarin           Nikolai Lemtyugov        Yann Sauve               Michal Rozsival          

Last Minutes Defensive
   Center                   Left Wing                Right Wing               Defense                  Defense                  
   Ryan Kesler              Daniel Paille            Dustin Penner            Rostislav Klesla         Micki Dupont             

Goaltenders
Starting : Antti Niemi              
Backup : Marek Mazanec            

Extra Forwards
Normal : Auston Matthews, Ryan Kesler, Nikolai Lemtyugov - PP : Artemi Panarin, Auston Matthews - PK : Antoine Vermette
Extra Defensemen
Normal : Michal Rozsival, Adam Berti, Rostislav Klesla - PP : Yann Sauve - PK : Adam Berti, Micki Dupont
Penalty Shots
Auston Matthews, Nikolai Lemtyugov, Ryan Kesler, Yann Sauve, Michal Rozsival
Custom OT Lines Forwards
Ryan Kesler, Nikolai Lemtyugov, Dustin Penner, Auston Matthews, Artemi Panarin, Adam Berti, Brandon Sutter, Antoine Vermette, Daniel Paille, Artem Anisimov
Custom OT Lines Defensemen
Michal Rozsival, Micki Dupont, Rostislav Klesla, Ryan O'Byrne, Yann Sauve

Scratches
Brian Fahey (Healthy), Adam Comrie (Healthy)

% Time on Ice - Capitals

Lines # - Real PCT - Wanted PCT - Time Play
Normal Forward
1 - 30% - 30% - 13:02
2 - 31% - 30% - 13:35
3 - 24% - 24% - 10:47
4 - 15% - 16% - 6:38
Normal Defense
1 - 36% - 34% - 15:53
2 - 34% - 33% - 14:59
3 - 28% - 27% - 12:23
4 - 2% - 6% - 0:47
PP Forward
1 - 52% - 50% - 5:48
2 - 48% - 50% - 5:15
PP Defense
1 - 47% - 50% - 5:10
2 - 53% - 50% - 5:53
PK Forward
1 - 83% - 60% - 1:18
2 - 17% - 40% - 0:16
PK Defense
1 - 51% - 50% - 0:48
2 - 49% - 50% - 0:46
PK3 Forward
1 - 0% - 60%
2 - 0% - 40%
PK3 Defense
1 - 0% - 50%
2 - 0% - 50%
44 Forward
1 - 55% - 50% - 1:19
2 - 45% - 50% - 1:05
44 Defense
1 - 55% - 50% - 1:19
2 - 45% - 50% - 1:05
Last Minute Offensive  - 0:00
Last Minute Defensive  - 0:57
Total
Forward - 60:00
Defense - 60:00

% Time on Ice - Devils

Lines # - Real PCT - Wanted PCT - Time Play
Normal Forward
1 - 30% - 31% - 13:17
2 - 32% - 29% - 14:06
3 - 26% - 25% - 11:27
4 - 13% - 15% - 5:42
Normal Defense
1 - 33% - 34% - 14:37
2 - 36% - 34% - 16:10
3 - 31% - 32% - 13:45
4 - 0% - 0% - 0:00
PP Forward
1 - 82% - 40% - 1:17
2 - 18% - 60% - 0:17
PP Defense
1 - 18% - 54% - 0:17
2 - 82% - 46% - 1:17
PK Forward
1 - 33% - 45% - 3:29
2 - 67% - 55% - 7:08
PK Defense
1 - 60% - 60% - 6:22
2 - 40% - 40% - 4:15
PK3 Forward
1 - 0% - 40% - 0:00
2 - 100% - 60% - 0:26
PK3 Defense
1 - 96% - 60% - 0:25
2 - 4% - 40% - 0:01
44 Forward
1 - 15% - 40% - 0:21
2 - 85% - 60% - 2:03
44 Defense
1 - 85% - 60% - 2:03
2 - 15% - 40% - 0:21
Last Minute Offensive  - 0:27
Last Minute Defensive  - 0:00
Total
Forward - 60:00
Defense - 60:00

Play by Play

1st period


0:01 of 1st period - Nathan Horton wins face-off versus Ryan Kesler in neutral zone.
0:08 of 1st period - Shot by Brandon Saad.
0:08 of 1st period - Stopped by Antti Niemi with a rebound.
0:10 of 1st period - Shot by Kristian Huselius.
0:10 of 1st period - Shot Misses the Net.
0:21 of 1st period - Icing by Rostislav Klesla.
0:22 of 1st period - Travis Zajac wins face-off versus Ryan Kesler in Devils zone.
0:23 of 1st period - Shot by Hampus Lindholm.
0:23 of 1st period - Shot Misses the Net.
0:27 of 1st period - Shot by Bobby Ryan.
0:27 of 1st period - Stopped by Antti Niemi without a rebound.
0:28 of 1st period - Tyler Spurgeon wins face-off versus Auston Matthews in Devils zone.
0:43 of 1st period - Shot by Auston Matthews.
0:43 of 1st period - Stopped by Kari Lehtonen without a rebound.
0:44 of 1st period - Artem Anisimov wins face-off versus Travis Zajac in Capitals zone.
1:03 of 1st period - Icing by Yann Sauve.
1:04 of 1st period - Artem Anisimov wins face-off versus Mikael Backlund in Devils zone.
2:55 of 1st period - Shot by Michal Rozsival.
2:55 of 1st period - Stopped by Kari Lehtonen with a rebound.
3:03 of 1st period - Shot by Tyler Spurgeon.
3:03 of 1st period - Stopped by Antti Niemi without a rebound.
3:04 of 1st period - Ryan Kesler wins face-off versus Travis Zajac in Devils zone.
3:04 of 1st period - Ryan Kesler is hit by Bobby Ryan.
3:22 of 1st period - Shot by Ryan Kesler.
3:22 of 1st period - Shot Misses the Net.
3:33 of 1st period - Cam Atkinson is hit by Ryan O'Byrne.
3:35 of 1st period - Shot by Bobby Ryan.
3:35 of 1st period - Stopped by Antti Niemi with a rebound.
3:37 of 1st period - Shot by Travis Zajac.
3:37 of 1st period - Stopped by Antti Niemi without a rebound.
3:38 of 1st period - Tyler Spurgeon wins face-off versus Auston Matthews in Devils zone.
4:17 of 1st period - Shot by Nikolai Lemtyugov.
4:17 of 1st period - Shot Misses the Net.
4:43 of 1st period - Shot by Phillip Danault.
4:43 of 1st period - Shot Blocked by Ryan Whitney.
4:51 of 1st period - Shot by Brandon Sutter.
4:51 of 1st period - Deflect By Artem Anisimov.
4:51 of 1st period - Stopped by Kari Lehtonen without a rebound.
4:52 of 1st period - Ryan Kesler wins face-off versus Travis Zajac in Capitals zone.
5:14 of 1st period - Shot by Ryan Kesler.
5:14 of 1st period - Stopped by Kari Lehtonen without a rebound.
5:15 of 1st period - Mikael Backlund wins face-off versus Artem Anisimov in Capitals zone.
6:23 of 1st period - Shot by Ryan Kesler.
6:23 of 1st period - Shot Misses the Net.
6:31 of 1st period - Ryan Kesler is hit by Bobby Ryan and loses puck.
7:20 of 1st period - Shot by Nathan Horton.
7:20 of 1st period - Deflect By Kristian Huselius.
7:20 of 1st period - Shot Hit the Post.
7:22 of 1st period - Shot by Marco Scandella.
7:22 of 1st period - Shot Misses the Net.
7:24 of 1st period - Shot by Kristian Huselius.
7:24 of 1st period - Shot Misses the Net.
7:26 of 1st period - Shot by Marco Scandella.
7:26 of 1st period - Shot Blocked by Rostislav Klesla.
8:43 of 1st period - Shot by Auston Matthews.
8:43 of 1st period - Shot Blocked by Jonas Brodin.
9:14 of 1st period - Peter Holland is hit by Christian Ehrhoff and loses puck.
9:33 of 1st period - Shot by Bobby Ryan.
9:33 of 1st period - Shot Misses the Net.
9:35 of 1st period - Shot by Cam Atkinson.
9:35 of 1st period - Deflect By Bobby Ryan.
9:35 of 1st period - Shot Blocked by Antoine Vermette.
9:37 of 1st period - Shot by Christian Ehrhoff.
9:37 of 1st period - Shot Misses the Net.
10:07 of 1st period - Nathan Horton is hit by Micki Dupont and loses puck.
10:18 of 1st period - Shot by Nathan Horton.
10:18 of 1st period - Shot Hit the Post.
10:20 of 1st period - Shot by Nathan Horton.
10:20 of 1st period - Deflect By Kristian Huselius.
10:20 of 1st period - Stopped by Antti Niemi with a rebound.
10:24 of 1st period - Shot by Nathan Horton.
10:24 of 1st period - Stopped by Antti Niemi without a rebound.
10:25 of 1st period - Artem Anisimov wins face-off versus Mikael Backlund in Devils zone.
10:42 of 1st period - Shot by Christian Ehrhoff.
10:42 of 1st period - Stopped by Antti Niemi without a rebound.
10:43 of 1st period - Tyler Spurgeon wins face-off versus Auston Matthews in Devils zone.
10:43 of 1st period - Tyler Spurgeon is hit by Ryan O'Byrne.
10:45 of 1st period - Shot by Kenndal McArdle.
10:45 of 1st period - Shot Misses the Net.
10:47 of 1st period - Shot by Ryan Whitney.
10:47 of 1st period - Stopped by Antti Niemi without a rebound.
10:48 of 1st period - Nathan Horton wins face-off versus Auston Matthews in Devils zone.
11:25 of 1st period - Shot by Kristian Huselius.
11:25 of 1st period - Deflect By Brandon Saad.
11:25 of 1st period - Stopped by Antti Niemi without a rebound.
11:26 of 1st period - Artem Anisimov wins face-off versus Travis Zajac in Devils zone.
11:26 of 1st period - Brandon Sutter is hit by Bobby Ryan and loses puck.
11:44 of 1st period - Shot by Cam Atkinson.
11:44 of 1st period - Stopped by Antti Niemi without a rebound.
11:45 of 1st period - Tyler Spurgeon wins face-off versus Ryan Kesler in Devils zone.
11:59 of 1st period - Minor Penalty to Rostislav Klesla for High sticking.
12:00 of 1st period - Adam Berti wins face-off versus Nathan Horton in Devils zone.
12:08 of 1st period - Christian Ehrhoff is hit by Micki Dupont and loses puck.
12:15 of 1st period - Shot by Brandon Saad.
12:15 of 1st period - Stopped by Antti Niemi without a rebound.
12:16 of 1st period - Adam Berti wins face-off versus Bobby Ryan in Devils zone.
12:39 of 1st period - Shot by Kenndal McArdle.
12:39 of 1st period - Stopped by Antti Niemi with a rebound.
12:43 of 1st period - Shot by Ryan Whitney.
12:43 of 1st period - Stopped by Antti Niemi with a rebound.
12:45 of 1st period - Shot by Ryan Whitney.
12:45 of 1st period - Shot Blocked by Daniel Paille.
12:47 of 1st period - Shot by Ryan Whitney.
12:47 of 1st period - Shot Misses the Net.
12:49 of 1st period - Shot by Ryan Whitney.
12:49 of 1st period - Shot Blocked by Micki Dupont.
12:51 of 1st period - Shot by Hampus Lindholm.
12:51 of 1st period - Stopped by Antti Niemi without a rebound.
12:52 of 1st period - Nathan Horton wins face-off versus Antoine Vermette in Devils zone.
12:59 of 1st period - Shot by Marco Scandella.
12:59 of 1st period - Stopped by Antti Niemi without a rebound.
13:00 of 1st period - Nathan Horton wins face-off versus Antoine Vermette in Devils zone.
13:14 of 1st period - Brandon Saad is hit by Adam Berti and loses puck.
14:15 of 1st period - Shot by Phillip Danault.
14:15 of 1st period - Shot Misses the Net.
14:16 of 1st period - Minor Penalty to Ryan Whitney for Hooking.
14:17 of 1st period - Dustin Penner wins face-off versus Travis Zajac in Capitals zone.
14:26 of 1st period - Shot by Yann Sauve.
14:26 of 1st period - Shot Blocked by Marcus Kruger.
14:28 of 1st period - Shot by Michal Rozsival.
14:28 of 1st period - Stopped by Kari Lehtonen without a rebound.
14:29 of 1st period - Auston Matthews wins face-off versus Travis Zajac in Capitals zone.
14:32 of 1st period - Shot by Nikolai Lemtyugov.
14:32 of 1st period - Stopped by Kari Lehtonen with a rebound.
14:39 of 1st period - Icing by Nikolai Lemtyugov.
14:40 of 1st period - Travis Zajac wins face-off versus Adam Berti in Devils zone.
14:40 of 1st period - Marcus Kruger is hit by Ryan O'Byrne and loses puck.
15:34 of 1st period - Icing by Sami Vatanen.
15:35 of 1st period - Adam Berti wins face-off versus Travis Zajac in Devils zone.
15:35 of 1st period - Adam Berti is hit by Marcus Kruger.
15:45 of 1st period - Minor Penalty to Adam Berti for Hooking.
15:46 of 1st period - Ryan Kesler wins face-off versus Nathan Horton in Devils zone.
16:22 of 1st period - Shot by Kenndal McArdle.
16:22 of 1st period - Shot Misses the Net.
16:24 of 1st period - Shot by Marco Scandella.
16:24 of 1st period - Shot Misses the Net.
18:08 of 1st period - Shot by Kristian Huselius.
18:08 of 1st period - Stopped by Antti Niemi with a rebound.
18:10 of 1st period - Shot by Jonas Brodin.
18:10 of 1st period - Shot Misses the Net.
18:12 of 1st period - Shot by Ryan Whitney.
18:12 of 1st period - Stopped by Antti Niemi without a rebound.
18:13 of 1st period - Mikael Backlund wins face-off versus Artem Anisimov in Devils zone.
18:13 of 1st period - Ryan Whitney is hit by Micki Dupont.
18:18 of 1st period - Marcus Kruger is hit by Sami Vatanen and loses puck.
18:29 of 1st period - Shot by Brandon Sutter.
18:29 of 1st period - Goal by Brandon Sutter - Capitals : 0 - Devils : 1.
18:30 of 1st period - Ryan Kesler wins face-off versus Nathan Horton in neutral zone.
18:30 of 1st period - Ryan Kesler is hit by Nathan Horton.
18:36 of 1st period - Shot by Ryan Kesler.
18:36 of 1st period - Shot Misses the Net.
18:54 of 1st period - Shot by Ryan Kesler.
18:54 of 1st period - Stopped by Kari Lehtonen without a rebound.
18:55 of 1st period - Auston Matthews wins face-off versus Mikael Backlund in Capitals zone.
19:09 of 1st period - Icing by Ryan Whitney.
19:10 of 1st period - Artem Anisimov wins face-off versus Mikael Backlund in Capitals zone.
19:40 of 1st period - Shot by Brandon Sutter.
19:40 of 1st period - Stopped by Kari Lehtonen without a rebound.
19:41 of 1st period - Travis Zajac wins face-off versus Ryan Kesler in Capitals zone.
19:41 of 1st period - Travis Zajac is hit by Dustin Penner.
Goals for this period are 0 for Capitals vs 1 for Devils.
Shots for this period are 18 for Capitals vs 9 for Devils.

2nd period


0:01 of 2nd period - Travis Zajac wins face-off versus Auston Matthews in neutral zone.
0:20 of 2nd period - Shot by Nikolai Lemtyugov.
0:20 of 2nd period - Stopped by Kari Lehtonen with a rebound.
0:22 of 2nd period - Shot by Micki Dupont.
0:22 of 2nd period - Shot Misses the Net.
0:37 of 2nd period - Shot by Nikolai Lemtyugov.
0:37 of 2nd period - Shot Misses the Net.
0:52 of 2nd period - Marco Scandella is hit by Ryan Kesler and loses puck.
1:13 of 2nd period - Shot by Ryan Kesler.
1:13 of 2nd period - Stopped by Kari Lehtonen without a rebound.
1:14 of 2nd period - Artem Anisimov wins face-off versus Nathan Horton in Capitals zone.
1:14 of 2nd period - Michal Rozsival is hit by Ryan Whitney.
1:18 of 2nd period - Shot by Artem Anisimov.
1:18 of 2nd period - Deflect By Brandon Sutter.
1:18 of 2nd period - Stopped by Kari Lehtonen without a rebound.
1:19 of 2nd period - Phillip Danault wins face-off versus Tyler Spurgeon in Capitals zone.
1:30 of 2nd period - Shot by Phillip Danault.
1:30 of 2nd period - Shot Misses the Net.
2:00 of 2nd period - Shot by Brandon Sutter.
2:00 of 2nd period - Shot Misses the Net.
2:23 of 2nd period - Icing by Sami Vatanen.
2:24 of 2nd period - Ryan Kesler wins face-off versus Kristian Huselius in Devils zone.
2:29 of 2nd period - Nathan Horton is hit by Dustin Penner.
2:39 of 2nd period - Shot by Kristian Huselius.
2:39 of 2nd period - Shot Blocked by Micki Dupont.
2:41 of 2nd period - Shot by Marco Scandella.
2:41 of 2nd period - Shot Misses the Net.
2:43 of 2nd period - Shot by Alec Martinez.
2:43 of 2nd period - Shot Misses the Net.
2:55 of 2nd period - Dustin Penner is hit by Nathan Horton and loses puck.
3:04 of 2nd period - Shot by Brandon Saad.
3:04 of 2nd period - Shot Blocked by Micki Dupont.
3:06 of 2nd period - Shot by Kristian Huselius.
3:06 of 2nd period - Shot Blocked by Micki Dupont.
3:08 of 2nd period - Shot by Nathan Horton.
3:08 of 2nd period - Goal by Nathan Horton - Capitals : 1 - Devils : 1.
3:09 of 2nd period - Travis Zajac wins face-off versus Auston Matthews in neutral zone.
5:31 of 2nd period - Kristian Huselius is hit by Micki Dupont and loses puck.
5:38 of 2nd period - Kristian Huselius is hit by Peter Holland and loses puck.
5:58 of 2nd period - Ryan Kesler is hit by Marco Scandella and loses puck.
6:18 of 2nd period - Artemi Panarin is hit by Marco Scandella and loses puck.
6:26 of 2nd period - Icing by Alec Martinez.
6:27 of 2nd period - Tyler Spurgeon wins face-off versus Auston Matthews in Capitals zone.
6:34 of 2nd period - Shot by Andrew Ladd.
6:34 of 2nd period - Stopped by Antti Niemi without a rebound.
6:35 of 2nd period - Auston Matthews wins face-off versus Mikael Backlund in Devils zone.
6:40 of 2nd period - Shot by Auston Matthews.
6:40 of 2nd period - Stopped by Kari Lehtonen with a rebound.
7:07 of 2nd period - Icing by Michal Rozsival.
7:08 of 2nd period - Auston Matthews wins face-off versus Nathan Horton in Devils zone.
7:43 of 2nd period - Shot by Kristian Huselius.
7:43 of 2nd period - Stopped by Antti Niemi without a rebound.
7:44 of 2nd period - Tyler Spurgeon wins face-off versus Artem Anisimov in Devils zone.
7:55 of 2nd period - Shot by Kenndal McArdle.
7:55 of 2nd period - Stopped by Antti Niemi with a rebound.
7:57 of 2nd period - Shot by Jonas Brodin.
7:57 of 2nd period - Stopped by Antti Niemi with a rebound.
8:20 of 2nd period - Shot by Brandon Sutter.
8:20 of 2nd period - Deflect By Artem Anisimov.
8:20 of 2nd period - Shot Misses the Net.
8:26 of 2nd period - Shot by Kenndal McArdle.
8:26 of 2nd period - Goal by Kenndal McArdle - Capitals : 2 - Devils : 1.
8:27 of 2nd period - Ryan Kesler wins face-off versus Travis Zajac in neutral zone.
8:34 of 2nd period - Shot by Dustin Penner.
8:34 of 2nd period - Shot Misses the Net.
8:49 of 2nd period - Minor Penalty to Dustin Penner for Slashing.
8:50 of 2nd period - Antoine Vermette wins face-off versus Nathan Horton in Devils zone.
8:50 of 2nd period - Antoine Vermette is hit by Nathan Horton.
9:23 of 2nd period - Kristian Huselius is hit by Rostislav Klesla and loses puck.
9:26 of 2nd period - Shot by Marco Scandella.
9:26 of 2nd period - Stopped by Antti Niemi with a rebound.
9:41 of 2nd period - Shot by Kenndal McArdle.
9:41 of 2nd period - Shot Blocked by Rostislav Klesla.
9:43 of 2nd period - Shot by Ryan Whitney.
9:43 of 2nd period - Shot Misses the Net.
9:45 of 2nd period - Shot by Bobby Ryan.
9:45 of 2nd period - Stopped by Antti Niemi without a rebound.
9:46 of 2nd period - Antoine Vermette wins face-off versus Travis Zajac in Devils zone.
10:13 of 2nd period - Shot by Kenndal McArdle.
10:13 of 2nd period - Shot Blocked by Michal Rozsival.
10:15 of 2nd period - Shot by Ryan Whitney.
10:15 of 2nd period - Shot Misses the Net.
10:17 of 2nd period - Shot by Hampus Lindholm.
10:17 of 2nd period - Shot Misses the Net.
10:22 of 2nd period - Minor Penalty to Ryan O'Byrne for Hooking.
10:23 of 2nd period - Ryan Kesler wins face-off versus Nathan Horton in Devils zone.
10:32 of 2nd period - Shot by Marco Scandella.
10:32 of 2nd period - Shot Blocked by Rostislav Klesla.
10:52 of 2nd period - Icing by Nathan Horton.
10:53 of 2nd period - Kristian Huselius wins face-off versus Adam Berti in Capitals zone.
12:03 of 2nd period - Daniel Paille is hit by Bobby Ryan and loses puck.
12:30 of 2nd period - Shot by Mikael Backlund.
12:30 of 2nd period - Stopped by Antti Niemi without a rebound.
12:31 of 2nd period - Artem Anisimov wins face-off versus Mikael Backlund in Devils zone.
12:40 of 2nd period - Shot by Phillip Danault.
12:40 of 2nd period - Stopped by Kari Lehtonen without a rebound.
12:41 of 2nd period - Mikael Backlund wins face-off versus Ryan Kesler in Capitals zone.
14:01 of 2nd period - Ryan Kesler is hit by Nathan Horton and loses puck.
15:22 of 2nd period - Shot by Artem Anisimov.
15:22 of 2nd period - Deflect By Brandon Sutter.
15:22 of 2nd period - Shot Misses the Net.
15:24 of 2nd period - Shot by Brandon Sutter.
15:24 of 2nd period - Stopped by Kari Lehtonen without a rebound.
15:25 of 2nd period - Antoine Vermette wins face-off versus Tyler Spurgeon in Capitals zone.
15:25 of 2nd period - Daniel Paille is hit by Ryan Whitney and loses puck.
15:32 of 2nd period - Minor Penalty to Micki Dupont for Hooking.
15:33 of 2nd period - Antoine Vermette wins face-off versus Nathan Horton in Devils zone.
15:40 of 2nd period - Shot by Brandon Saad.
15:40 of 2nd period - Deflect By Kristian Huselius.
15:40 of 2nd period - Shot Blocked by Sami Vatanen.
15:46 of 2nd period - Shot by Ryan Whitney.
15:46 of 2nd period - Stopped by Antti Niemi without a rebound.
15:47 of 2nd period - Antoine Vermette wins face-off versus Kristian Huselius in Devils zone.
17:05 of 2nd period - Shot by Bobby Ryan.
17:05 of 2nd period - Stopped by Antti Niemi without a rebound.
17:06 of 2nd period - Ryan Kesler wins face-off versus Nathan Horton in Devils zone.
17:06 of 2nd period - Ryan Kesler is hit by Nathan Horton.
17:32 of 2nd period - Brandon Saad is hit by Yann Sauve and loses puck.
17:39 of 2nd period - Shot by Michael Raffl.
17:39 of 2nd period - Shot Misses the Net.
18:33 of 2nd period - Shot by Ryan Whitney.
18:33 of 2nd period - Stopped by Antti Niemi without a rebound.
18:34 of 2nd period - Artemi Panarin wins face-off versus Travis Zajac in Devils zone.
18:34 of 2nd period - Artemi Panarin is hit by Bobby Ryan.
18:52 of 2nd period - Shot by Cam Atkinson.
18:52 of 2nd period - Shot Misses the Net.
18:54 of 2nd period - Shot by Hampus Lindholm.
18:54 of 2nd period - Shot Misses the Net.
18:56 of 2nd period - Shot by Christian Ehrhoff.
18:56 of 2nd period - Stopped by Antti Niemi without a rebound.
18:57 of 2nd period - Antoine Vermette wins face-off versus Nathan Horton in Devils zone.
19:19 of 2nd period - Shot by Brandon Saad.
19:19 of 2nd period - Shot Misses the Net.
19:21 of 2nd period - Shot by Jonas Brodin.
19:21 of 2nd period - Shot Blocked by Rostislav Klesla.
19:27 of 2nd period - Shot by Nathan Horton.
19:27 of 2nd period - Deflect By Kristian Huselius.
19:27 of 2nd period - Stopped by Antti Niemi without a rebound.
19:28 of 2nd period - Auston Matthews wins face-off versus Tyler Spurgeon in Devils zone.
19:59 of 2nd period - Shot by Nikolai Lemtyugov.
19:59 of 2nd period - Shot Blocked by Hampus Lindholm.
Goals for this period are 2 for Capitals vs 0 for Devils.
Shots for this period are 14 for Capitals vs 6 for Devils.

3rd period


0:01 of 3rd period - Nathan Horton wins face-off versus Auston Matthews in neutral zone.
0:33 of 3rd period - Shot by Kristian Huselius.
0:33 of 3rd period - Shot Misses the Net.
0:40 of 3rd period - Icing by Michal Rozsival.
0:41 of 3rd period - Travis Zajac wins face-off versus Auston Matthews in Devils zone.
0:45 of 3rd period - Icing by Rostislav Klesla.
0:46 of 3rd period - Auston Matthews wins face-off versus Travis Zajac in Devils zone.
1:21 of 3rd period - Shot by Ryan Kesler.
1:21 of 3rd period - Shot Misses the Net.
1:32 of 3rd period - Icing by Jonas Brodin.
1:33 of 3rd period - Travis Zajac wins face-off versus Artem Anisimov in Capitals zone.
1:40 of 3rd period - Jonas Brodin is hit by Ryan O'Byrne and loses puck.
2:04 of 3rd period - Shot by Brandon Sutter.
2:04 of 3rd period - Deflect By Phillip Danault.
2:04 of 3rd period - Shot Misses the Net.
2:44 of 3rd period - Shot by Ryan Kesler.
2:44 of 3rd period - Deflect By Artemi Panarin.
2:44 of 3rd period - Stopped by Kari Lehtonen without a rebound.
2:45 of 3rd period - Nathan Horton wins face-off versus Auston Matthews in Capitals zone.
2:50 of 3rd period - Shot by Nikolai Lemtyugov.
2:50 of 3rd period - Shot Misses the Net.
2:59 of 3rd period - Nikolai Lemtyugov is hit by Hampus Lindholm and loses puck.
3:12 of 3rd period - Shot by Auston Matthews.
3:12 of 3rd period - Deflect By Nikolai Lemtyugov.
3:12 of 3rd period - Stopped by Kari Lehtonen without a rebound.
3:13 of 3rd period - Ryan Kesler wins face-off versus Tyler Spurgeon in Capitals zone.
3:54 of 3rd period - Off-side.
3:55 of 3rd period - Nathan Horton wins face-off versus Auston Matthews in neutral zone.
4:01 of 3rd period - Icing by Auston Matthews.
4:02 of 3rd period - Nathan Horton wins face-off versus Auston Matthews in Devils zone.
5:17 of 3rd period - Shot by Sami Vatanen.
5:17 of 3rd period - Shot Misses the Net.
5:19 of 3rd period - Shot by Micki Dupont.
5:19 of 3rd period - Shot Misses the Net.
5:25 of 3rd period - Shot by Micki Dupont.
5:25 of 3rd period - Stopped by Kari Lehtonen with a rebound.
5:27 of 3rd period - Shot by Phillip Danault.
5:27 of 3rd period - Shot Misses the Net.
6:41 of 3rd period - Shot by Travis Zajac.
6:41 of 3rd period - Shot Blocked by Ryan O'Byrne.
6:52 of 3rd period - Icing by Yann Sauve.
6:53 of 3rd period - Brandon Saad wins face-off versus Ryan Kesler in Devils zone.
7:19 of 3rd period - Shot by Hampus Lindholm.
7:19 of 3rd period - Shot Misses the Net.
7:36 of 3rd period - Icing by Michal Rozsival.
7:37 of 3rd period - Auston Matthews wins face-off versus Tyler Spurgeon in Devils zone.
7:52 of 3rd period - Shot by Nikolai Lemtyugov.
7:52 of 3rd period - Stopped by Kari Lehtonen without a rebound.
7:53 of 3rd period - Travis Zajac wins face-off versus Antoine Vermette in Capitals zone.
8:00 of 3rd period - Icing by Peter Holland.
8:01 of 3rd period - Tyler Spurgeon wins face-off versus Antoine Vermette in Devils zone.
8:23 of 3rd period - Icing by Jonas Brodin.
8:24 of 3rd period - Artem Anisimov wins face-off versus Tyler Spurgeon in Capitals zone.
9:09 of 3rd period - Shot by Brandon Sutter.
9:09 of 3rd period - Shot Misses the Net.
9:51 of 3rd period - Shot by Dustin Penner.
9:51 of 3rd period - Stopped by Kari Lehtonen without a rebound.
9:52 of 3rd period - Travis Zajac wins face-off versus Auston Matthews in Capitals zone.
10:20 of 3rd period - Shot by Bobby Ryan.
10:20 of 3rd period - Stopped by Antti Niemi without a rebound.
10:21 of 3rd period - Antoine Vermette wins face-off versus Nathan Horton in Devils zone.
10:25 of 3rd period - Minor Penalty to Peter Holland for Tripping.
10:26 of 3rd period - Antoine Vermette wins face-off versus Nathan Horton in Devils zone.
10:26 of 3rd period - Antoine Vermette is hit by Nathan Horton.
10:46 of 3rd period - Shot by Kristian Huselius.
10:46 of 3rd period - Stopped by Antti Niemi without a rebound.
10:47 of 3rd period - Travis Zajac wins face-off versus Antoine Vermette in Devils zone.
11:06 of 3rd period - Shot by Travis Zajac.
11:06 of 3rd period - Shot Misses the Net.
11:08 of 3rd period - Shot by Travis Zajac.
11:08 of 3rd period - Stopped by Antti Niemi without a rebound.
11:09 of 3rd period - Ryan Kesler wins face-off versus Nathan Horton in Devils zone.
11:15 of 3rd period - Icing by Ryan Whitney.
11:16 of 3rd period - Nathan Horton wins face-off versus Antoine Vermette in Capitals zone.
11:16 of 3rd period - Kristian Huselius is hit by Adam Berti and loses puck.
11:45 of 3rd period - Brandon Saad is hit by Micki Dupont and loses puck.
12:23 of 3rd period - Shot by Bobby Ryan.
12:23 of 3rd period - Shot Misses the Net.
12:29 of 3rd period - Shot by Marcus Kruger.
12:29 of 3rd period - Stopped by Antti Niemi without a rebound.
12:30 of 3rd period - Mikael Backlund wins face-off versus Artem Anisimov in Devils zone.
12:38 of 3rd period - Icing by Phillip Danault.
12:39 of 3rd period - Travis Zajac wins face-off versus Artem Anisimov in Devils zone.
13:04 of 3rd period - Shot by Brandon Sutter.
13:04 of 3rd period - Shot Misses the Net.
13:14 of 3rd period - Artem Anisimov is hit by Ryan Whitney and loses puck.
13:51 of 3rd period - Off-side.
13:52 of 3rd period - Nikolai Lemtyugov wins face-off versus Tyler Spurgeon in neutral zone.
13:55 of 3rd period - Kenndal McArdle is hit by Adam Berti and loses puck.
14:00 of 3rd period - Shot by Nikolai Lemtyugov.
14:00 of 3rd period - Stopped by Kari Lehtonen without a rebound.
14:01 of 3rd period - Antoine Vermette wins face-off versus Nathan Horton in Capitals zone.
14:01 of 3rd period - Antoine Vermette is hit by Hampus Lindholm.
14:18 of 3rd period - Icing by Brandon Saad.
14:19 of 3rd period - Auston Matthews wins face-off versus Nathan Horton in Capitals zone.
14:23 of 3rd period - Minor Penalty to Hampus Lindholm for Tripping.
14:24 of 3rd period - Ryan Kesler wins face-off versus Travis Zajac in Capitals zone.
14:28 of 3rd period - Minor Penalty to Dustin Penner for Interference.
14:29 of 3rd period - Ryan Kesler wins face-off versus Travis Zajac in Devils zone.
14:40 of 3rd period - Shot by Artemi Panarin.
14:40 of 3rd period - Shot Misses the Net.
15:04 of 3rd period - Shot by Kenndal McArdle.
15:04 of 3rd period - Stopped by Antti Niemi with a rebound.
15:06 of 3rd period - Shot by Kenndal McArdle.
15:06 of 3rd period - Shot Hit the Post.
16:39 of 3rd period - Icing by Artem Anisimov.
16:40 of 3rd period - Mikael Backlund wins face-off versus Artem Anisimov in Devils zone.
16:47 of 3rd period - Shot by Artem Anisimov.
16:47 of 3rd period - Stopped by Kari Lehtonen without a rebound.
16:48 of 3rd period - Mikael Backlund wins face-off versus Auston Matthews in Capitals zone.
16:48 of 3rd period - Mikael Backlund is hit by Adam Berti.
17:09 of 3rd period - Shot by Auston Matthews.
17:09 of 3rd period - Stopped by Kari Lehtonen without a rebound.
17:10 of 3rd period - Antoine Vermette wins face-off versus Travis Zajac in Capitals zone.
17:17 of 3rd period - Shot by Antoine Vermette.
17:17 of 3rd period - Stopped by Kari Lehtonen without a rebound.
17:18 of 3rd period - Antoine Vermette wins face-off versus Travis Zajac in Capitals zone.
17:31 of 3rd period - Shot by Daniel Paille.
17:31 of 3rd period - Shot Misses the Net.
17:48 of 3rd period - Shot by Bobby Ryan.
17:48 of 3rd period - Stopped by Antti Niemi without a rebound.
17:49 of 3rd period - Tyler Spurgeon wins face-off versus Auston Matthews in Devils zone.
17:53 of 3rd period - Kenndal McArdle is hit by Micki Dupont and loses puck.
18:12 of 3rd period - Shot by Sami Vatanen.
18:12 of 3rd period - Shot Misses the Net.
18:46 of 3rd period - Kristian Huselius is hit by Adam Berti and loses puck.
19:02 of 3rd period - Icing by Sami Vatanen.
19:03 of 3rd period - Travis Zajac wins face-off versus Auston Matthews in Devils zone.
19:03 of 3rd period - Travis Zajac is hit by Micki Dupont.
19:16 of 3rd period - Icing by Auston Matthews.
19:17 of 3rd period - Auston Matthews wins face-off versus Nathan Horton in Devils zone.
19:37 of 3rd period - Nathan Horton is hit by Ryan Kesler and loses puck.
19:42 of 3rd period - Devils, Antti Niemi is pulled from the net.
Goals for this period are 0 for Capitals vs 0 for Devils.
Shots for this period are 6 for Capitals vs 9 for Devils.